 Dungeon Crawl Stone Soup version 0.28.0-53-g5a82cb258f (webtiles) character file.

Game seed: 4704869634220731788

141 Kranky the Poker (level 5, -12/48 HPs)
             Began as a Minotaur Berserker on June 18, 2022.
             Was a Believer of Trog.
             Engulfed by a cloud of flame (24 damage)
             ... on level 3 of the Dungeon.
             The game lasted 00:05:09 (2959 turns).

Kranky the Poker (Minotaur Berserker)               Turns: 2959, Time: 00:05:09

Health: -12/48     AC:  6    Str: 24    XL:     5   Next: 3%
Magic:  4/4        EV: 15    Int:  4    God:    Trog [**....]
Gold:   137        SH:  0    Dex:  9    Spells: 4/4 levels left

rFire   . . .      SeeInvis .   a - +0 spear
rCold   . . .      Faith    .   (no shield)
rNeg    . . .      Spirit   .   n - +0 ring mail
rPois   .          Reflect  .   (helmet restricted)
rElec   .          Harm     .   l - scarf {repulsion}
rCorr   .          Rampage  .   (no gloves)
Will    .....                   j - +0 pair of boots
Stlth   ..........              (no amulet)
HPRegen 0.16/turn               m - +4 ring of evasion
MPRegen 0.09/turn               (no ring)

@: repel missiles
A: horns 2, retaliatory headbutt
a: Renounce Religion, Berserk, Trog's Hand


You were on level 3 of the Dungeon.
You worshipped Trog.
Trog was pleased with you.
You visited 1 branch of the dungeon, and saw 3 of its levels.

You collected 137 gold pieces.

Inventory:

Hand Weapons
 a - a +0 spear (weapon)
Missiles
 h - 8 poisoned darts (quivered)
Armour
 b - a +0 animal skin
 j - a +0 pair of boots (worn)
 l - a scarf of repulsion (worn)
 n - a +0 ring mail (worn)
Jewellery
 m - a +4 ring of evasion (left hand)
Scrolls
 c - a scroll of amnesia {unknown}
 d - 3 scrolls of brand weapon {unknown}
 e - 2 scrolls of identify {unknown}
 g - 2 scrolls of teleportation {unknown}
 k - a scroll of fog {unknown}
 q - a scroll of summoning {unknown}
Potions
 f - a potion of lignification {unknown}
 i - a potion of heal wounds {unknown}
 o - a potion of brilliance {unknown}
 p - 2 potions of degeneration {unknown}
 r - a potion of might {unknown}


   Skills:
 + Level 5.0 Fighting
 + Level 5.5 Polearms
 + Level 3.2 Armour
 - Level 2.1 Dodging


You had 4 spell levels left.
You didn't know any spells.
Your spell library was empty.

Dungeon Overview and Level Annotations

Branches:
Dungeon (3/15)

Altars:
Gozag
Nemelex Xobeh


Innate Abilities, Weirdness & Mutations

You have a pair of horns on your head.
You reflexively headbutt those who attack you in melee.


Message History

A ball python is nearby!
You hit the ball python.
The ball python is severely wounded.
The ball python bites you. The ball python grabs you.
The ball python constricts you.
You hit the ball python.
You kill the ball python!
Trog accepts your kill.
No target in view!
No target in view!
Found a spear.
There is a stone staircase leading up here.
Things that are here:
a +2 flail of pain; a +0 chain mail You see here a +0 short sword.
There is a stone staircase leading up here.
r - a green potion You see here a quokka skeleton.
Partly explored, can't reach some items and places.
Partly explored, can't reach some items and places.
Really walk into a travel-excluded area?
You are engulfed in blazing flames.
You are engulfed in blazing flames.
You see here 12 sling bullets.
Really walk into that cloud of flame?
You are engulfed in blazing flames.
* * * LOW HITPOINT WARNING * * *
You now have 124 gold pieces (gained 4).
You now have 127 gold pieces (gained 3).
You now have 137 gold pieces (gained 10).
You start resting.
HP restored.
Really walk into a travel-excluded area?
You are engulfed in blazing flames.
Ouch! That really hurt!
You are engulfed in blazing flames.
* * * LOW HITPOINT WARNING * * *
You are engulfed in blazing flames.
Ouch! That really hurt!
You die...

.####..÷)# #§○.# ##..###...
## #..##.#####...###### #..#
#...
####.###..☼§§.....☼§○.###..#
#... #....#
#..§☼☼.....§§○..##..######
..####
##.☼§○.....§°§.......# .##
######)..########.#.## .##
#§☼§# #.#..# ..# #§☼°#
####.##.# #.# ###### #§§@#
#....##.# #.###....#####...#
####....####
#...............## #.#......
####...........## #.##.....
#...........# #.##.....
#...........# #.##.....
##...)#.....# ###.##.....
#...).####.### #...##.....
#.###.# #...######.####.....


There were no monsters in sight!

Vanquished Creatures
  An orc wizard (D:3)
  5 adders
  A dart slug (D:2)
  2 orcs (D:3)
  2 endoplasms
  5 giant cockroaches
  4 hobgoblins
  7 jackals
  3 kobolds
  5 quokkas
  10 ball pythons
  4 bats
  5 frilled lizards
  4 goblins
  9 rats
67 creatures vanquished.

Vanquished Creatures (others)
  A ball python (D:3)
1 creature vanquished.

Grand Total: 68 creatures vanquished

Notes
Turn   | Place    | Note
-------+----------+-------------------------------------------
     0 | D:1      | Kranky the Minotaur Berserker began the quest for the Orb.
     0 | D:1      | Reached XP level 1. HP: 19/19 MP: 0/0
    32 | D:1      | You fall into a shaft and drop 1 floor!
    60 | D:2      | Reached XP level 2. HP: 19/27 MP: 1/1
   472 | D:2      | Reached XP level 3. HP: 27/34 MP: 2/2
   697 | D:1      | Found a faded altar of an unknown god.
   896 | D:1      | Reached ** piety under Trog
  1892 | D:2      | Reached XP level 4. HP: 41/41 MP: 3/3
  1894 | D:2      | Reached skill level 5 in Polearms
  2386 | D:3      | Found a sparkling altar of Nemelex Xobeh.
  2386 | D:3      | Found an opulent altar of Gozag.
  2418 | D:3      | Reached skill level 5 in Fighting
  2494 | D:3      | Reached XP level 5. HP: 48/48 MP: 4/4
  2959 | D:3      | Engulfed by a cloud of flame

Illustrated notes

Levels and vault maps discovered:
D:1:      minmay_arrival_widening_spiral_wide, layout_rooms,
          chequers_ecumenical_altar_simple_redux
D:2:      layout_loops_corners, minmay_misc_feat_more_columns,
          kennysheep_pointless_box
D:3:      layout_rooms, grunt_temple_overflow_opulence, st_stairs_11,
          lemuel_flame_loot_1

Skill      XL: |  1  2  3  4 |
---------------+-------------+-----
Fighting       | 4 5 |  5.0
Polearms       | 4 5 |  5.5
Armour         | 3 |  3.2
Dodging        | |  2.1

Action                   |  1- 3 |  4- 6 || total
-------------------------+-------+-------++-------
Melee: Spear             |   112 |    62 ||   174
       Headbutt          |     6 |     3 ||     9
Invok: Berserk           |       |     1 ||     1
       Trog's Hand       |       |     1 ||     1
 Stab: Sleeping          |     1 |       ||     1
Armor: Animal skin       |    11 |       ||    11
       Ring mail         |       |    16 ||    16
Dodge: Dodged            |    56 |    35 ||    91
